 Dungeon Crawl Stone Soup version 0.28.0-53-g5a82cb258f (webtiles) character file.

Game seed: 11842791292781964158

2805 cbfl8 the Cleaver (level 9, 0/67 (81) HPs)
             Began as a Minotaur Berserker on July 26, 2022.
             Was an Elder of Trog.
             Slain by an orc warrior
             ... wielding a +0 flail
              (9 damage)
             ... on level 6 of the Dungeon.
             The game lasted 00:07:17 (6682 turns).

cbfl8 the Cleaver (Minotaur Berserker)              Turns: 6682, Time: 00:07:18

HP:   0/67 (81)     AC: 16    Str: 22    XL:     9   Next: 44%
MP:   8/8           EV:  8    Int:  4    God:    Trog [****..]
Gold: 259           SH:  5    Dex: 14    Spells: 8/8 levels left

rFire   . . .      SeeInvis .   r - +0 war axe
rCold   . . .      Faith    .   (no shield)
rNeg    . . .      Spirit   .   k - +0 plate armour
rPois   .          Reflect  +   (helmet restricted)
rElec   .          Harm     .   b - scarf {+Inv}
rCorr   +          Rampage  .   (no gloves)
Will    .....                   (no boots)
Stlth   ..........              m - amulet of reflection
HPRegen 0.21/turn               i - ring of resist corrosion
MPRegen 0.11/turn               z - +4 ring of protection

@: about to teleport, on berserk cooldown, heavily drained
A: horns 2, retaliatory headbutt
a: Renounce Religion, Evoke Invisibility, Berserk, Trog's Hand, Brothers in Arms


You were on level 6 of the Dungeon.
You worshipped Trog.
Trog was greatly pleased with you.
You visited 1 branch of the dungeon, and saw 6 of its levels.
You also visited: Sewer.

You collected 259 gold pieces.

Inventory:

Hand Weapons
 r - a +0 war axe (weapon)
Missiles
 A - a throwing net
Armour
 b - a scarf of invisibility (worn)
 k - a +0 plate armour (worn)
 s - a +2 ring mail of willpower
Jewellery
 i - a ring of resist corrosion (left hand)
 m - an amulet of reflection (around neck)
 z - a +4 ring of protection (right hand)
Wands
 a - a wand of flame (38) (quivered)
 v - a wand of polymorph (8)
Scrolls
 f - 3 scrolls of amnesia
 g - 3 scrolls of identify
 h - a scroll of magic mapping {unknown}
 n - a scroll of noise {unknown}
 o - a scroll of summoning {unknown}
 p - a scroll of fog {unknown}
 q - 3 scrolls of teleportation
 t - a scroll of torment {unknown}
 x - 2 scrolls of blinking
 y - 2 scrolls of fear {unknown}
 B - a scroll of enchant armour {unknown}
Potions
 c - a potion of might {unknown}
 d - a potion of invisibility {unknown}
 e - 3 potions of haste {unknown}
 l - 3 potions of degeneration {unknown}
 u - a potion of flight {unknown}
 w - a potion of brilliance {unknown}


   Skills:
 * Level 7.9 Fighting
 + Level 9.1 Axes
 + Level 6.2 Armour
 * Level 5.8 Dodging
 * Level 4.2 Stealth
 - Level 1.4 Shields
 + Level 1.2 Unarmed Combat
 * Level 2.7 Evocations


You had 8 spell levels left.
You didn't know any spells.
Your spell library was empty.

Dungeon Overview and Level Annotations

Branches:
Dungeon (6/15)             Temple (0/1) D:5           Sewer (visited)

Altars:
Fedhas
Wu Jian


Innate Abilities, Weirdness & Mutations

You have a pair of horns on your head.
You reflexively headbutt those who attack you in melee.


Message History

The centaur zombie kicks you but does no damage.
As you read the scroll labelled WACREPL ZOCZUE, it crumbles to dust.
It is a scroll of identify.
f - 3 scrolls of amnesia The centaur zombie hits you but does no damage.
The centaur zombie kicks you.
* * * LOW HITPOINT WARNING * * *
The orc wizard hits you but does no damage.
The orc warrior hits you with a +0 flail.
* * * LOW HITPOINT WARNING * * *
The orc priest hits you but does no damage.
As you read the scroll labelled LOAPHE XIMMA, it crumbles to dust.
You feel strangely unstable.
It was a scroll of teleportation.
The centaur zombie barely misses you. You furiously retaliate!
You headbutt the centaur zombie, but do no damage.
You block the centaur zombie's attack.
An orc priest comes into view. It is wielding a +0 club.
The orc wizard hits you but does no damage.
The orc priest hits you with a +0 mace.
* * * LOW HITPOINT WARNING * * *
The orc warrior hits you with a +0 flail.
* * * LOW HITPOINT WARNING * * *
The centaur zombie completely misses you.
The centaur zombie kicks you but does no damage.
The orc priest shouts!
You block the orc warrior's attack.
The orc priest hits you but does no damage.
The centaur zombie closely misses you.
The centaur zombie kicks you but does no damage.
You hit the centaur zombie. You headbutt the centaur zombie!
The centaur zombie is heavily damaged.
You slash the orc priest! You hit the orc warrior.
You closely miss the orc wizard.
The orc priest looks encouraged for a moment.
The orc wizard hits you but does no damage.
The centaur zombie hits you but does no damage.
The centaur zombie kicks you.
* * * LOW HITPOINT WARNING * * *
The orc warrior hits you with a +0 flail!
You die...

.# .# .. ###. ##
... ..# #.# #.#
##o##.#.# .# #.
#@o...#.# .#.
#oZ####.# #.#
#.?####.######.###
#....†..##.......#
#o#####.##....[...
...#
##...#..##.#.#
#.###
#.......#..... ...
#...........#..
.##
##.............


You could see an orc warrior, 2 orc priests, an orc wizard and a centaur zombie.

Vanquished Creatures
  Pikel (D:4)
  Grinder (D:5)
  Sigmund (D:6)
  5 yaks (D:6)
  Duvessa (D:6)
  A centaur (D:5)
  2 ogres
  2 bullfrogs (Sewer)
  2 scorpions (D:4)
  Dowan (D:6)
  2 hounds (D:5)
  3 jellies (D:5)
  2 bullfrog skeletons
  2 orc wizards (D:3)
  2 iguanas
  2 hound skeletons
  7 gnolls
  6 adders
  7 worms
  7 dart slugs
  6 orcs
  16 ball pythons
  5 bats
  10 endoplasms
  11 giant cockroaches
  6 goblins
  11 hobgoblins
  8 jackals
  12 quokkas
  9 frilled lizards
  8 kobolds
  5 rats
164 creatures vanquished.

Notes
Turn   | Place    | Note
-------+----------+-------------------------------------------
     0 | D:1      | cbfl8 the Minotaur Berserker began the quest for the Orb.
     0 | D:1      | Reached XP level 1. HP: 19/19 MP: 0/0
   177 | D:1      | Reached XP level 2. HP: 11/27 MP: 1/1
   476 | D:1      | Reached skill level 4 in Axes
  1009 | D:2      | Reached XP level 3. HP: 29/34 MP: 2/2
  1183 | D:2      | Reached ** piety under Trog
  1523 | D:2      | Found a faded altar of an unknown god.
  1945 | D:2      | Reached XP level 4. HP: 37/41 MP: 3/3
  2354 | D:3      | Reached skill level 1 in Stealth
  2833 | D:3      | Reached XP level 5. HP: 40/47 MP: 4/4
  2837 | D:3      | Reached skill level 5 in Fighting
  3368 | D:4      | Reached skill level 5 in Axes
  3479 | D:4      | Noticed Pikel
  3479 | D:4      | Noticed a lemure
  3479 | D:4      | Noticed a lemure
  3482 | D:4      | Noticed a lemure
  3488 | D:4      | Noticed a lemure
  3510 | D:4      | Killed Pikel
  3511 | D:4      | Reached skill level 6 in Axes
  3511 | D:4      | Reached skill level 1 in Unarmed Combat
  3511 | D:4      | Reached XP level 6. HP: 12/57 MP: 5/5
  3511 | D:4      | Reached XP level 7. HP: 13/63 MP: 6/6
  3805 | D:4      | Found a glowing drain.
  3818 | Sewer    | Entered a sewer
  3829 | Sewer    | Reached *** piety under Trog
  4120 | Sewer    | Reached skill level 1 in Shields
  4570 | D:4      | Reached **** piety under Trog
  4575 | D:4      | Reached skill level 7 in Axes
  4575 | D:4      | Reached XP level 8. HP: 64/71 MP: 7/7
  4736 | D:4      | Found an ornate altar of the Wu Jian Council.
  5186 | D:5      | Entered Level 5 of the Dungeon
  5201 | D:5      | Noticed Grinder
  5277 | D:5      | Paralysed by Grinder for 5 turns
  5283 | D:5      | Killed Grinder
  5284 | D:5      | Reached skill level 1 in Evocations
  5524 | D:5      | Found a blossoming altar of Fedhas.
  5648 | D:5      | Reached skill level 5 in Armour
  5648 | D:5      | Reached skill level 5 in Dodging
  5834 | D:5      | Found a staircase to the Ecumenical Temple.
  5902 | D:5      | Reached skill level 8 in Axes
  6038 | D:6      | Noticed Dowan
  6039 | D:6      | Noticed Sigmund
  6039 | D:6      | Noticed Duvessa
  6045 | D:6      | Killed Duvessa
  6536 | D:6      | Killed Dowan
  6540 | D:6      | Killed Sigmund
  6541 | D:6      | Reached XP level 9. HP: 79/79 MP: 8/8
  6650 | D:6      | Reached skill level 9 in Axes
  6682 | D:6      | Slain by an orc warrior

Illustrated notes

Levels and vault maps discovered:
D:1:      wheals_arrival_linesprint, layout_rooms, nrook_campfire, nrook_uturn,
          kennysheep_doodads, minmay_tetromino_i2
D:2:      layout_loops_cross, ebering_ecumenical_altar_ruins,
          minmay_misc_feat_secret_circle
D:3:      layout_loops_corners, minmay_fractal_squares_5
D:4:      layout_loops_cross, mainiacjoe_overflow_boulevard,
          portal_sewer_entry_a, kennysheep_generic_room_5, uniq_pikel
D:5:      layout_cave_pools, fedhas_altar_fruit_tree,
          minmay_temple_entry_purple_smoke, uniq_grinder
D:6:      layout_loops_cross, eat_drink_and_be_merry_uskayaw,
          nicolae_overflow_hidden_temple, chequers_serial_rivers_large_a,
          st_stairs_4, uniq_sigmund, uniq_duvessa, uniq_blork_the_orc

Skill      XL: |  1  2  3  4  5  6  7  8  9 |
---------------+----------------------------+-----
Fighting       | 4 6 7 |  7.9
Axes           | 4 6 7 8 9 |  9.1
Armour         | 3 4 5 6 |  6.2
Stealth        | 1 2 3 4 |  4.2
Dodging        | 3 4 5 |  5.8
Unarmed Combat | 1 |  1.2
Shields        | 1 |  1.4
Evocations     | 2 |  2.7

Action                   |  1- 3 |  4- 6 |  7- 9 || total
-------------------------+-------+-------+-------++-------
Melee: Hand axe          |   113 |    20 |       ||   133
       Headbutt          |    14 |    13 |    34 ||    61
       War axe           |       |    62 |   192 ||   254
       Unarmed           |       |    20 |     2 ||    22
       Punch             |       |     1 |       ||     1
Invok: Berserk           |       |     2 |     7 ||     9
Evoke: Wand              |       |       |     2 ||     2
  Use: Scroll            |       |       |     2 ||     2
Armor: Ring mail         |    14 |       |       ||    14
       Plate armour      |    19 |    55 |   144 ||   218
       Chain mail        |    15 |       |       ||    15
Dodge: Dodged            |    46 |    34 |    98 ||   178
Block: Other             |       |    13 |    50 ||    63
       Reflection        |       |     1 |     1 ||     2
